[Event "31st MPL National U18 Chess-ch 2022"]
[Site "Pollachi"]
[Date "2022.04.21"]
[Round "8.1"]
[White "Srihari L R"]
[Black "Soham Kamotra"]
[Result "1/2-1/2"]
[ECO "D78"]
[WhiteElo "2400"]
[BlackElo "2229"]
[Annotator "TA"]
[PlyCount "163"]
[EventDate "2022.04.18"]
[EventCountry "IND"]
[SourceTitle "playchess.com"]
[Source "ChessBase"]
[SourceQuality "1"]
[TimeControl "5400+30"]

1. d4 Nf6 2. c4 e6 3. g3 d5 4. Bg2 g6 5. Nf3 Bg7 6. O-O O-O 7. Nc3 Ne4 8. Bf4 c6 9. Qb3 b6 {[%emt 0:07:32] [#] D78: Fianchetto Grünfeld: 6 0-0 c6.} 10. cxd5 $146 ({Predecessor:} 10. Rfd1 dxc4 11. Qxc4 Ba6 12. Qb3 Nxc3 13. Qxc3 Bxe2 14. Rd2 Ba6 15. Ne5 Bb7 16. Rc1 Qe7 17. Nxc6 Nxc6 18. Bxc6 {0-1 (27) Semenova,A-Donets,V (2182) St Petersburg 2004}) 10... Nxc3 11. Qxc3 cxd5 {[%emt 0:00:35] White is better.} 12. Rfc1 {[%emt 0:00:00] &Bianco is more active.} Ba6 13. Bf1 Qe7 14. Qc7 Qxc7 15. Rxc7 Bc4 16. b3 Na6 17. Rb7 Nc5 18. dxc5 Ba6 $15 19. Rxa7 Rxa7 $17 20. cxb6 Rb7 $36 {[%emt 0:00:51][%mdl 2048] Black is really pushing.} 21. Rc1 Rxb6 22. Rc7 Rb7 {[%emt 0:08:04] Inhibits Ra7. White must now prevent ...Rxc7.} 23. Rc2 Re8 24. Bd6 Rb6 25. Bc5 (25. Bc7 {might work better.} Rc8 26. Ne1) 25... Rc8 $19 26. Ne1 Rbc6 27. b4 Bf8 28. e4 Bxf1 ({Don't blunder} 28... Bxc5 $2 29. exd5 exd5 30. Rxc5 Rxc5 31. Bxa6 $19) 29. Kxf1 dxe4 ({Not} 29... Bxc5 $2 30. exd5 exd5 31. bxc5 $19) 30. Re2 Bxc5 31. bxc5 Rxc5 32. Rxe4 {[%emt 0:00:01][%mdl 4096] Endgame KRR-KRN} Ra5 33. Nd3 Rxa2 34. Rf4 Kg7 35. h4 Rd2 36. Ne5 f6 37. Ng4 e5 38. Rb4 Rcd8 39. Rb6 R2d6 40. Rb7+ R8d7 41. Rb2 h5 42. Ne3 {[%emt 0:00:04] Against Rd1+} Rd2 43. Rb6 Ra2 {[%emt 0:00:10] Prevents Ra6.} 44. Nc4 Kf7 45. Nd6+ Ke7 46. Ne4 f5 47. Ng5 Rdd2 48. Nh3 Rd6 49. Rb7+ Ke6 $2 (49... Rd7 50. Rxd7+ Kxd7) 50. Ng5+ Kd5 51. Rb5+ Kd4 52. Nf3+ Ke4 53. Ng5+ Kd4 54. Nf3+ Kc3 {[%emt 0:03:24] [#] And now ...e4 would win.} 55. Rc5+ Kb3 56. Rb5+ Kc4 57. Rxe5 Rf6 58. Ng5 f4 (58... Raa6 $142 59. Kg2 Rfd6) 59. Re4+ $17 Kd5 60. gxf4 Rc2 61. Re5+ Kc6 62. Nh3 Rc5 {[%emt 0:00:09] [#] aiming for ...Rxe5.} 63. Re8 Kd7 64. Re4 Re6 65. Ra4 Rec6 66. Re4 Ra5 67. Kg2 Re6 68. Rb4 Rc5 69. Ra4 Rec6 70. Re4 Rc8 71. Kg3 Rd5 72. Re3 Rc6 73. Ng5 Rc1 74. Kg2 Rdd1 75. Nh3 Re1 ({Black should play} 75... Rc6 $17 76. Kg3 Ra6) 76. Ra3 (76. Rg3 $1 $15 {might be stronger.}) 76... Ke7 (76... Re6 $17 77. Ng5 Rb6) 77. Ra6 Re6 78. Ra7+ Kd8 79. Ra5 Rd6 (79... Rf6 $17 80. Ra7 Rd1) 80. Re5 (80. f3 $11 {remains equal.}) 80... Rc7 (80... Rf6 $17 81. Kg3 Kd7) 81. Ng5 $11 Re7 {[%emt 0:00:17] Inhibits Ne6+.} 82. Ra5 {[%emt 0:00:16] Whites escaped into a draw.  Weighted Error Value: White=0.34/Black=0.08 (flawless)} 1/2-1/2

[Event "31st MPL National U18 Chess-ch 2022"]
[Site "Pollachi"]
[Date "2022.04.21"]
[Round "8.2"]
[White "Krishnan Ritvik"]
[Black "Ilamparthi A R"]
[Result "1/2-1/2"]
[ECO "B90"]
[WhiteElo "1761"]
[BlackElo "1969"]
[Annotator "TA"]
[PlyCount "62"]
[EventDate "2022.04.18"]
[EventCountry "IND"]
[SourceTitle "playchess.com"]
[Source "ChessBase"]
[SourceQuality "1"]
[TimeControl "5400+30"]

1. e4 c5 2. Nf3 d6 3. d4 cxd4 4. Nxd4 Nf6 5. Nc3 a6 6. h4 {[%emt 0:00:00] B90: Sicilian Najdorf: Unusual White 6th moves, 6 Be3 Ng4 and 6 Be3 e5.} e5 7. Nb3 Be6 8. f4 {[%emt 0:00:00] The position is equal.} exf4 9. Bxf4 Nc6 10. Qd2 d5 11. exd5 (11. O-O-O {keeps more tension.} Bb4 12. Bg5 Nxe4 13. Qe3) 11... Nxd5 12. Nxd5 Qxd5 13. Qxd5 Bxd5 14. O-O-O O-O-O {[%emt 0:04:58] [#]} 15. Bd3 $146 ({Predecessor:} 15. g3 Bd6 16. Bxd6 Rxd6 17. Rh2 Rhd8 18. Rhd2 Kc7 19. Nd4 Be4 20. Nxc6 Rxc6 21. Bd3 Bxd3 22. Rxd3 Rxd3 23. Rxd3 {½-½ (47) Xu,Y (2522)-Wan,Y (2500) China 2018}) 15... Be6 16. Be4 Be7 17. Bg5 Rxd1+ 18. Rxd1 f6 19. Bf4 g6 20. Re1 {[%emt 0:00:00] [#] Hoping for Bxc6.} Kd7 ({Much less strong is} 20... Ne5 21. Bxe5 fxe5 {[#]} 22. Bxb7+ $1 Kxb7 23. Rxe5 $16) 21. Be3 f5 22. Bxc6+ bxc6 23. Nc5+ Bxc5 24. Bxc5 $14 {[%emt 0:00:00][%mdl 4096] Endgame KRB-KRB} Re8 25. g3 Bd5 26. Rxe8 Kxe8 {[%emt 0:00:02] KB-KB} 27. Kd2 Kd7 28. a3 Be4 29. c3 Ke6 {[%emt 0:00:18] White has an edge.} 30. a4 Kd5 31. b4 Ke5 {[%emt 0:01:50] Weighted Error Value: White=0.05 (flawless) /Black=0.06 (flawless)} 1/2-1/2

[Event "31st MPL National U18 Chess-ch 2022"]
[Site "Pollachi"]
[Date "2022.04.21"]
[Round "8.3"]
[White "Vignesh B"]
[Black "Bharath Subramaniyam H"]
[Result "1-0"]
[ECO "A04"]
[WhiteElo "2249"]
[BlackElo "2508"]
[Annotator "TA"]
[PlyCount "153"]
[EventDate "2022.04.18"]
[EventCountry "IND"]
[SourceTitle "playchess.com"]
[Source "ChessBase"]
[SourceQuality "1"]
[TimeControl "5400+30"]

1. Nf3 d6 2. b3 e5 3. e3 g6 4. d4 Bg7 5. Bb2 Nd7 {[%emt 0:04:33] [#]} ({Black should play} 5... e4 $11 6. Nfd2 f5) 6. h4 $146 {[%emt 0:06:14] A04: Unusual lines after 1 Nf3 and King's Indian Attack.} (6. dxe5 $14 Ne7 7. Bc3 dxe5 8. Bc4) ({Predecessor:} 6. dxe5 dxe5 7. h4 h5 8. Nc3 Ne7 9. Qd2 O-O 10. O-O-O a5 11. a4 c6 12. Ng5 {1-0 (48) Carlsen,M (2832)-Guseinov,G (2645) Chess.com INT 2017}) 6... e4 $11 7. Ng5 d5 {[%emt 0:13:03] Inhibits Bc4.} 8. c4 {[%emt 0:01:50] The position is equal.} h6 9. Nh3 dxc4 10. Nf4 Ne7 11. Bxc4 Nf6 12. Nc3 Nf5 (12... c6 $11 {keeps the balance.}) 13. Qc2 {[%emt 0:19:10] &Bianco is more active.} (13. h5 $16) 13... Nd6 $14 14. Ba3 Bf5 15. Ncd5 O-O 16. Nxf6+ Qxf6 17. Be2 Rfc8 18. g4 c5 19. Bb2 (19. gxf5 $2 cxd4 20. Qd1 d3 21. fxg6 dxe2 22. Kxe2 Qxa1 23. Qxa1 Bxa1 24. Rxa1 Rc2+ 25. Kf1 Nf5 $19) ({Reject} 19. Bxc5 b6 $1 20. b4 (20. gxf5 bxc5 21. fxg6 cxd4 $17) (20. Nd5 Qd8 $17) 20... Bd7 $17) 19... Bd7 20. Nd5 Qe6 21. Nf4 Qf6 22. Nd5 Qe6 23. Nf4 Qf6 24. Nd5 Qe6 25. Nf4 (25. dxc5 {seems wilder.} Qxd5 26. Bxg7 Kxg7 27. Qb2+) 25... Qe7 (25... Qf6 $1 $11) 26. dxc5 $16 Bxb2 27. Qxb2 Rxc5 28. Rd1 Bc6 {[%emt 0:00:26] [#]} (28... Be6 $11) 29. a4 $1 {[%emt 0:03:36] White stays focused until the end.} a5 (29... b6 $16) 30. Qd4 $1 $18 Ne8 31. Bc4 $40 {[%emt 0:00:11][%mdl 128] Strongly threatening Nxg6. White attacks with force.} Rxc4 (31... Qe5 $142) 32. Qxc4 Kh7 33. h5 {[%emt 0:03:11][%cal Og4g5] Black must now prevent g5!} g5 34. Nd5 Bxd5 35. Qxd5 Nf6 36. Qf5+ Kg7 37. O-O Ra6 38. Rc1 Ne8 39. Rfd1 Re6 (39... Rf6 $142) 40. Qxa5 Re5 41. Rd5 Re6 42. Rc8 Rf6 43. Qc3 {[%emt 0:00:56] aiming for Rf5.} Nd6 {[%emt 0:00:13] Against Rf5} 44. Rcc5 Kh7 45. Qe5 Re6 46. Qd4 Rf6 47. Re5 Qd7 48. Rxe4 Kg8 49. Rd5 Kg7 50. Rxd6 Qxd6 51. Qxd6 Rxd6 {[%emt 0:00:06][%mdl 4096] Endgame KR-KR} 52. Rb4 {[%emt 0:00:02] Against Rb6} b6 53. Kg2 Kf8 54. Kf3 Ke7 55. Ke4 Ke6 56. Rd4 {[%emt 0:00:11] Threatens to win with Rxd6+.} Rc6 57. Rc4 Rd6 58. b4 Ke7 59. Rc7+ Kf8 60. Rb7 Kg7 61. Ke5 Rf6 62. f4 {[%emt 0:00:56][%cal Bf2f4,Bf4f5][%mdl 32] f5 is the strong threat.} Re6+ 63. Kd4 Kf6 64. f5 Rd6+ 65. Kc4 Kg7 66. e4 {[%emt 0:00:05] Hoping for Kb5.} Rd2 67. Rxb6 Rg2 68. a5 Rxg4 69. a6 Rxe4+ 70. Kd5 Re1 71. f6+ Kh7 72. a7 Ra1 73. Rb7 g4 74. Rxf7+ (74. b5 $142 Rd1+ 75. Kc6 Rc1+ 76. Kd6 Ra1 77. b6 Rd1+ 78. Ke7 Ra1 79. Kxf7) 74... Kh8 75. Rf8+ {[%emt 0:00:28] White mates.} Kh7 76. a8=Q Rxa8 77. Rxa8 {[%emt 0:00:03] Weighted Error Value: White=0.12 (very precise) /Black=0.29 (precise)} 1-0

[Event "31st MPL National U18 Chess-ch 2022"]
[Site "Pollachi"]
[Date "2022.04.21"]
[Round "8.4"]
[White "Rakshith Srinivasan"]
[Black "Harshad S"]
[Result "1/2-1/2"]
[ECO "B87"]
[WhiteElo "1856"]
[BlackElo "2328"]
[Annotator "TA"]
[PlyCount "61"]
[EventDate "2022.04.18"]
[EventCountry "IND"]
[SourceTitle "playchess.com"]
[Source "ChessBase"]
[SourceQuality "1"]
[TimeControl "5400+30"]

1. e4 c5 2. Nf3 d6 3. d4 cxd4 4. Nxd4 Nf6 5. Nc3 a6 6. Bc4 e6 7. Bb3 b5 {[%emt 0:00:10] 7...Nbd7 might become the main line.} 8. Qf3 Qb6 9. Be3 {[%emt 0:00:00][%cal Od4e6] Black must now prevent Nxe6! B87: Sicilian Scheveningen/Najdorf: 6 Bc4, with early ...b5.} Qb7 10. Bg5 Be7 11. O-O {[%emt 0:00:00] The position is equal.} Nbd7 (11... h6 $5 12. Bd2 b4 $11) 12. Rfe1 Nc5 13. a3 (13. Rad1 $5 b4 14. Nb1 $11) 13... O-O 14. Ba2 {[%emt 0:00:00] [#]} Kh8 $146 ({Predecessor:} 14... Na4 15. Nxa4 bxa4 16. Rab1 h6 17. Bd2 Qb6 18. Be3 Qc7 19. Qe2 e5 20. Nf3 Bb7 {½-½ (40) Syrkiewicz,M (1988)-Gradalski,O (2051) Sypniewo 2022}) 15. Rad1 Na4 (15... Ncd7 $11) 16. Nxa4 $14 bxa4 17. b4 axb3 $1 18. Bxb3 Qc7 19. Qd3 (19. Rb1 {is interesting.} Bb7 20. Bxe6 fxe6 21. Nxe6 Qd7 22. Nxf8 Rxf8 23. Qe2) 19... Bb7 20. Nf3 Rfd8 21. Bf4 a5 ({Black should play} 21... Kg8 $15) 22. a4 Kg8 (22... Ba6 $5 23. Qd2 Qb7 $15) 23. Nd4 Ba6 24. Nb5 Qc6 25. c4 Nd7 26. Qg3 (26. Nxd6 $2 Nc5 27. Qg3 Nxb3 $19) 26... Nf6 (26... Nc5 $11 {remains equal.}) 27. Qd3 {[%emt 0:00:00] &Bianco is much more active.} (27. Bxd6 Nxe4 $1 28. Qf3 (28. Rxe4 $2 Qxe4 29. Rc1 Bh4 $19) 28... Bxd6 $15) (27. Nxd6 $2 Nh5 28. Qe3 Nxf4 29. Nxf7 Kxf7 $19) (27. Bh6 $1 $16 Nh5 28. Qg4) 27... Nd7 $11 28. Qg3 (28. Nxd6 $2 Nc5 29. Qg3 Nxb3 $19) 28... Nf6 29. Qd3 (29. Bxd6 Nxe4 $1 30. Qf3 (30. Rxe4 $2 Qxe4 31. h3 Bxd6 $19) 30... Bxd6 $15) (29. Nxd6 $2 Nh5 30. Qe3 Nxf4 $19) (29. Bh6 $5 Ne8 30. f3 $14) 29... Nd7 30. Qg3 ({Avoid the trap} 30. Nxd6 $2 Nc5 31. Qg3 Nxb3 $19) (30. Qf1 $11) 30... Nf6 $16 31. Qd3 {[%emt 0:00:00] Weighted Error Value: White=0.21 (precise) /Black=0.15 (very precise)} ({But not} 31. Bxd6 {[#]} Nxe4 $1 32. Qf3 (32. Rxe4 $2 Qxe4 33. h3 Bxd6 $19) 32... Bxd6 $15) (31. Nxd6 $2 Nh5 32. Qe3 Nxf4 33. Nxf7 Rxd1 34. Rxd1 Qc7 $19) (31. Bh6 $16 Nh5 32. Qg4) 1/2-1/2

[Event "31st MPL National U18 Chess-ch 2022"]
[Site "Pollachi"]
[Date "2022.04.21"]
[Round "8.5"]
[White "Dinesh Rajan M"]
[Black "John Veny Akkarakaran"]
[Result "0-1"]
[ECO "C11"]
[WhiteElo "1912"]
[BlackElo "1687"]
[Annotator "TA"]
[PlyCount "128"]
[EventDate "2022.04.18"]
[EventCountry "IND"]
[SourceTitle "playchess.com"]
[Source "ChessBase"]
[SourceQuality "1"]
[TimeControl "5400+30"]

1. e4 e6 2. d4 d5 3. Nc3 Nf6 4. e5 Nfd7 5. f4 c5 6. Nf3 Nc6 7. Be3 cxd4 8. Nxd4 Bc5 9. Qd2 O-O 10. O-O-O Bxd4 11. Bxd4 a6 {[%emt 0:00:08] 11...a6 scores better than 11...Qa5.} 12. h4 b5 13. g4 {[%emt 0:04:04] C11: French: Classical System: 4 e5 and 4 Bg5 dxe4.} Qa5 14. Kb1 $1 b4 15. Ne2 {[%emt 0:00:15] [#] White is slightly better.} Qc7 $146 ({Predecessor:} 15... Nxd4 16. Nxd4 Bb7 17. Qe3 Qc7 18. Bd3 a5 19. Nb5 Qc5 20. Qxc5 Nxc5 21. Nd6 Bc6 {0-1 (33) Cagara,P (2054)-Leve,N (2128) Chess.com INT 2020}) 16. g5 a5 $1 17. h5 a4 18. g6 $1 fxg6 19. Rg1 (19. hxg6 $14 hxg6 20. Bh3) 19... b3 ({Better is} 19... a3 $17 {Strongly threatening ...axb2.} 20. hxg6 axb2 21. gxh7+ Kh8 22. Bxb2 Nc5) 20. hxg6 $11 h6 21. cxb3 axb3 22. a3 Nxd4 (22... Nb6 $11) 23. Nxd4 $16 Nc5 24. Rc1 Ne4 {[%emt 0:08:27] Inhibits Qc3.} 25. Qe3 (25. Rxc7 $6 Nxd2+ 26. Kc1 Rxf4 $1 27. Kxd2 Rxd4+ 28. Ke3 (28. Kc3 $2 Rd1 $19) 28... Re4+ 29. Kd2 Rd4+ 30. Ke3 (30. Kc3 $2 Rd1 $19) 30... Re4+ 31. Kd2 Rd4+ $11) 25... Qb6 26. Rc6 (26. Bb5 $18) 26... Qa5 (26... Qa7 $16) 27. Nxb3 $18 Qa4 28. Rb6 (28. Rc7 $18) 28... Qa7 $1 $11 29. Qd4 $1 Rxf4 30. Ka1 Bd7 31. Rb4 (31. Bb5 $11 {remains equal.} Bxb5 32. Rxb5) 31... Qxd4 $17 32. Rxd4 Ra4 33. Be2 {[%emt 0:01:32] [#]} Rxd4 ({Black should play} 33... Rf5 $1 $17 34. Rxa4 Bxa4) 34. Nxd4 $11 Nd2 35. Bb5 Bxb5 $15 36. Nxb5 {[%emt 0:00:02][%mdl 4096] Endgame KRN-KRN} Nf3 37. Rc1 Nxe5 38. Nd4 $1 Nxg6 39. Nxe6 Rg4 (39... Re4 $17 40. Nc7 Rc4) 40. Rc7 (40. b3 $11) 40... Nf4 (40... Ne5 $17 {White must now prevent ...h5.} 41. Re7 Nc4) 41. Nxf4 $11 Rxf4 {[%emt 0:00:01] KR-KR} 42. b4 d4 43. b5 d3 44. Kb2 Rf2+ 45. Kc1 Rf1+ 46. Kd2 Rb1 $1 47. a4 Rb4 $1 48. Ra7 Rb3 49. Rb7 $1 Ra3 $1 50. Ra7 Rb3 51. Ra6 {[%emt 0:00:38] And now Rd6 would win.} h5 {[%emt 0:00:00] Hoping for ...h4.} 52. b6 h4 53. Ra8+ Kh7 (53... Kf7 54. a5 $16) 54. a5 h3 55. Rc8 g5 {[%emt 0:00:00] aiming for ...h2.} (55... h2 $5 56. Rc1 Rb5 $11) 56. Rc1 g4 57. Ra1 {[%emt 0:00:29] Threatens to win with a6.} h2 (57... g3 $5 58. a6 Rb2+ 59. Kxd3 Rxb6 $11) 58. a6 Ra3 59. Rh1 (59. Rxa3 h1=Q 60. b7 Qb1 61. Rxd3 (61. a7 $2 Qc2+ 62. Ke3 Qc5+ 63. Kd2 Qc2+ 64. Ke3 Qc1+ 65. Ke4 d2 $19) 61... Qb2+ 62. Kd1 (62. Ke3 Qe5+ 63. Kf2 Kg6 $15) 62... Qb6) 59... Rxa6 60. Rxh2+ Kg6 61. Kxd3 $2 (61. Rh4 $11) 61... Rxb6 {[%emt 0:00:00] Black mates.} 62. Ke3 {[%emt 0:00:37] [#]} Kg5 $1 63. Kf2 Kf4 64. Rg2 Rb1 {[%emt 0:00:00] Black used his chance.  Weighted Error Value: White=0.34/Black=0.16 (very precise)} 0-1

[Event "31st MPL National U18 Chess-ch 2022"]
[Site "Pollachi"]
[Date "2022.04.21"]
[Round "8.6"]
[White "Arul Anandh S P K"]
[Black "Avinash Ramesh"]
[Result "0-1"]
[ECO "B25"]
[WhiteElo "1759"]
[BlackElo "2402"]
[Annotator "TA"]
[PlyCount "62"]
[EventDate "2022.04.18"]
[EventCountry "IND"]
[SourceTitle "playchess.com"]
[Source "ChessBase"]
[SourceQuality "1"]
[TimeControl "5400+30"]

1. e4 c5 2. Nc3 Nc6 3. f4 g6 4. Nf3 Bg7 5. g3 e6 6. Bg2 Nge7 7. O-O O-O 8. d3 d6 9. Be3 Rb8 10. Qd2 Nd4 11. Rab1 b5 12. Ne2 {[%emt 0:00:39] B25: Closed Sicilian: 3 g3, lines without early Be3.} Nxe2+ 13. Qxe2 b4 14. Nd2 {[%emt 0:15:34] The position is equal.} Qc7 15. Qf2 Bb7 {[%emt 0:06:07] [#]} 16. g4 $146 ({Predecessor:} 16. a3 a5 17. Rfc1 Ba8 18. Rf1 f5 19. Qe1 a4 20. Qd1 Rfe8 21. Re1 bxa3 22. bxa3 {1-0 (50) Esquivel Leon,J (2170)-Guizar,C (1989) ICCF email 2018}) 16... f5 17. g5 e5 (17... a5 {is interesting.} 18. e5 dxe5 19. Bxb7 exf4 20. Bxf4 Qxb7 21. Nc4 Bd4) 18. Qh4 d5 {[%emt 1:04:22] ...fxe4 is the strong threat.} 19. fxe5 fxe4 (19... Qxe5 20. Bf4 Qe6 21. Bxb8 Rxb8 22. exd5 Bxd5 23. Rbe1 Bd4+ 24. Kh1 Bxg2+ 25. Kxg2 Qc6+ 26. Kh3 $16) 20. dxe4 Bxe5 21. exd5 {[%emt 0:13:21] [#]} (21. Rxf8+ $17 Rxf8 22. Rf1) 21... Nf5 $1 $19 (21... Bxd5 22. Bxd5+ Nxd5 23. Qc4 Rxf1+ 24. Nxf1 $11) (21... Nxd5 22. Qc4 Rfd8 23. Bxc5 $15) 22. Rxf5 (22. Qh3 $2 Nxe3 23. Qe6+ Kg7 24. Rxf8 Kxf8 $19) 22... gxf5 (22... Rxf5 $19 23. c4 bxc3 24. bxc3 Bc8 25. Rxb8 Qxb8) 23. Nc4 (23. Rd1 $17) 23... f4 24. Nxe5 Qxe5 (24... fxe3 25. g6 Qg7 26. Qxh7+ Qxh7 27. gxh7+ Kxh7 28. Nd7 $11) 25. Bxc5 {[%emt 0:00:48] Hoping for Re1.} f3 $36 {[%emt 0:00:00][%mdl 2048] Black is in control.} 26. Bf1 ({Reject} 26. Bxf8 Rxf8 27. g6 (27. Re1 $2 Qxd5 28. g6 hxg6 $19) 27... Qe3+ 28. Qf2 Qxf2+ 29. Kxf2 fxg2+ 30. Kxg2 Bxd5+ 31. Kg3 hxg6 $19) 26... Rf4 {[%emt 0:00:00] Really sharp!} 27. Qf2 ({Not} 27. Re1 $2 f2+ 28. Qxf2 Rg4+ 29. Bg2 Qxd5 $19) (27. Qg3 f2+ 28. Bxf2) 27... Bxd5 28. Kh1 $2 (28. Bh3 Re4 29. Rd1) 28... Rc8 {[%emt 0:00:00][%cal Oc8c5] Strongly threatening ...Rxc5!} 29. Be3 {[%emt 0:00:33] [#]} Qxe3 $3 {[%emt 0:00:00][%mdl 512] Black mates.} 30. Qxe3 f2+ 31. Bg2 f1=Q+ {[%emt 0:00:00] Weighted Error Value: White=1.07/Black=0.16 (very precise)} 0-1

[Event "31st MPL National U18 Chess-ch 2022"]
[Site "Pollachi"]
[Date "2022.04.21"]
[Round "8.7"]
[White "Dhruva Thota"]
[Black "Ayush Sharma"]
[Result "1/2-1/2"]
[ECO "B96"]
[WhiteElo "1525"]
[BlackElo "2302"]
[Annotator "TA"]
[PlyCount "71"]
[EventDate "2022.04.18"]
[EventCountry "IND"]
[SourceTitle "playchess.com"]
[Source "ChessBase"]
[SourceQuality "1"]
[TimeControl "5400+30"]

1. e4 c5 2. Nf3 d6 3. d4 cxd4 4. Nxd4 Nf6 5. Nc3 a6 6. Bg5 e6 7. f4 Nbd7 8. Qf3 Qc7 9. O-O-O b5 10. g4 b4 {[%emt 0:00:29] B96: Sicilian Najdorf: 6 Bg5 e6 7 f4, lines other than 7...Qb6 and 7...Be7.} 11. Nce2 Bb7 12. Ng3 O-O-O {[%emt 0:17:39] Black is slightly better.} 13. Bd3 Be7 {[%emt 0:03:50] [#]} 14. Qe2 $146 ({Predecessor:} 14. Nh5 Nc5 15. Bxf6 gxf6 16. Rhe1 d5 17. e5 Ne4 18. exf6 Nxf6 19. Ng3 Bd6 20. Rf1 Kb8 21. g5 Nd7 22. Kb1 Nb6 23. h4 Rc8 {½-½ (23) L'Ami,E (2281)-Jens,J (2270) Utrecht 2001}) 14... Nc5 15. Kb1 Kb8 16. Rhe1 h6 17. Bh4 g5 18. fxg5 Nfd7 19. Nf3 hxg5 20. Bxg5 Bxg5 21. Nxg5 Ne5 22. Nh5 f6 $36 {[%emt 0:16:21][%mdl 2112] [#] Deflection, Decoy. Black has good play.} 23. Nxf6 Qg7 24. Ngh7 Rxh7 25. Nxh7 Qxh7 26. Qg2 ({Better is} 26. Rg1 $15) 26... Rh8 (26... Qg7 $142 {Threatens to win with ...Na4.} 27. Qf2 Qxg4) 27. Re2 Qg7 {[%emt 0:07:26] [#] ...Na4 is the strong threat.} 28. b3 {[%emt 0:09:45] Inhibits Na4.} (28. Qg1 $17 {might work better.}) 28... Qxg4 $19 ({Don't do} 28... Nxg4 29. h3 $18) 29. Qxg4 Nxg4 {[%emt 0:00:35] Pair of Knights!} 30. Kb2 Rxh2 $2 (30... Ne5 $19 {Strongly threatening ...Rh3.} 31. a3 a5 32. axb4 axb4) 31. Rxh2 $15 Nxh2 32. Be2 $1 Bxe4 ({Resist} 32... Nxe4 33. Rh1 $16) 33. Rxd6 {[%emt 0:01:00] aiming for Rd8+.} Kc7 {[%emt 0:02:15] Inhibits Rd8.} 34. Rd4 a5 35. c3 Nf3 36. Rc4 $1 {[%emt 0:03:41] Weighted Error Value: White=0.15 (very precise) /Black=0.18 (very precise)} 1/2-1/2

[Event "31st MPL National U18 Chess-ch 2022"]
[Site "Pollachi"]
[Date "2022.04.21"]
[Round "8.8"]
[White "Apoorv Kamble"]
[Black "Ayushh Ravikumar"]
[Result "1-0"]
[ECO "B42"]
[WhiteElo "1679"]
[BlackElo "2269"]
[Annotator "TA"]
[PlyCount "101"]
[EventDate "2022.04.18"]
[EventCountry "IND"]
[SourceTitle "playchess.com"]
[Source "ChessBase"]
[SourceQuality "1"]
[TimeControl "5400+30"]

1. e4 c5 2. Nf3 e6 3. d4 cxd4 4. Nxd4 a6 5. Bd3 Qc7 6. O-O Nc6 7. Nxc6 dxc6 8. f4 b5 {[%emt 0:12:35] [#] B42: Sicilian: Kan Variation: 5 Bd3.} 9. c4 $146 ({Predecessor:} 9. Be3 Nf6 10. Nd2 Bb7 11. c4 Rd8 12. Qe2 Ng4 13. Nf3 Nxe3 14. Qxe3 Qd6 15. Rfd1 Qc5 16. Qxc5 Bxc5+ 17. Kf1 Ke7 {½-½ (17) Patavia,A (2099)-Ferri,S (2083) Taranto 2002}) 9... e5 10. Qc2 Bd6 {[%emt 0:00:30][%cal Re5f4] White has an edge.} 11. c5 Be7 12. f5 Nf6 13. Kh1 O-O 14. Be3 Rd8 15. Nd2 Bd7 (15... Ng4 $11 16. Bg1 Qd7) 16. Be2 $16 Be8 17. g4 $1 Nd7 18. Nf3 $1 f6 19. Rg1 {[%emt 0:00:00] &Bianco is more active.} Bf7 (19... Kh8 $142) 20. h4 (20. g5 $1 $16) 20... Nf8 (20... Qa5 $14) 21. g5 Bh5 (21... a5 $16) 22. Rg3 $18 Ra7 (22... Nd7 {was called for.} 23. gxf6 Nxf6) 23. Rag1 Qa5 {[%emt 0:01:30] [#]} 24. b3 (24. Nxe5 $1 $18 {[%mdl 512] has better winning chances.} Qc7 {[#]} 25. g6 $1 (25. Bxh5 Qxe5 26. Rf3 Kh8 $18) 25... Bxg6 26. Nd3 (26. Nxg6 hxg6 27. Bh5 Qd7 $18)) 24... Qb4 $2 {[%emt 0:00:00][%mdl 8192] [#] Loses the game.} (24... Rad7 $16) 25. Nxe5 $1 Bxe2 26. Nxc6 Bd3 27. Nxb4 Bxc2 28. Nxc2 Kf7 29. Nb4 Rc8 {[%emt 0:02:00] Inhibits Nc6.} 30. Nd5 {[%emt 0:00:00] Strongly threatening gxf6.} fxg5 31. hxg5 Nd7 (31... Rc6 $142 32. e5 Ke8) 32. c6 Nc5 33. Nxe7 Rxe7 34. Bxc5 Rxe4 35. b4 {[%emt 0:00:00] Rd1 is the strong threat.} Rxc6 36. Rd1 {[%emt 0:00:00] Intending Rd7+ and mate.} Re5 37. Rd7+ {[%emt 0:00:00] White mates.} Ke8 38. Rgd3 Rcxc5 {[%emt 0:00:26] KRR-KRR} 39. Rd8+ Kf7 40. R3d7+ Re7 41. bxc5 g6 42. f6 Rxd7 43. Rxd7+ {[%emt 0:00:00] KR-KP} Ke6 44. c6 b4 45. Rd1 b3 46. c7 bxa2 47. c8=Q+ Ke5 48. Qc5+ Kf4 49. Rd4+ Kg3 50. Qc3+ Kf2 51. Rd2+ {[%emt 0:00:00] Weighted Error Value: White=0.20 (precise) /Black=0.79} 1-0

[Event "31st MPL National U18 Chess-ch 2022"]
[Site "Pollachi"]
[Date "2022.04.21"]
[Round "8.9"]
[White "Manish Anto Cristiano F"]
[Black "Md Bashiq Imrose"]
[Result "1-0"]
[ECO "B36"]
[WhiteElo "2236"]
[BlackElo "1671"]
[Annotator "TA"]
[PlyCount "59"]
[EventDate "2022.04.18"]
[EventCountry "IND"]
[SourceTitle "playchess.com"]
[Source "ChessBase"]
[SourceQuality "1"]
[TimeControl "5400+30"]

1. e4 c5 2. Nf3 g6 3. d4 cxd4 4. Nxd4 Nc6 5. c4 Nf6 6. Nc3 d6 7. f3 Nxd4 8. Qxd4 Bg7 9. Be3 O-O 10. Qd2 Qa5 11. Rc1 a6 {[%emt 0:00:30] B36: Sicilian: Maroczy Bind: Gurgenidze System.} 12. b3 Bd7 13. g4 {[%emt 0:00:30][%cal Bg2g4,Bg4g5][%mdl 32] [#]} Bc6 $146 {[%emt 0:00:30] White has an edge.} ({Predecessor:} 13... b5 14. Nd5 Qxd2+ 15. Kxd2 Nxd5 16. cxd5 Rfc8 17. Bd3 Kf8 18. h4 Bb2 19. Rxc8+ Rxc8 {½-½ (30) Durarbayli,V (2635)-Guseinov,G (2610) Baku 2015}) 14. Nd5 Qxd2+ 15. Kxd2 Bxd5 16. cxd5 Rac8 (16... e6 $16) 17. Bh3 $18 {[%emt 0:00:30] [#] Threatens to win with Rxc8.} Nd7 (17... Rce8 $142 18. Rc7 b5) 18. g5 Rxc1 19. Rxc1 (19. Kxc1 Nc5 $14) 19... Nc5 {[%emt 0:00:30] [#]} 20. b4 ({Less strong is} 20. Bxc5 dxc5 21. Rxc5 Be5 $16) 20... Na4 21. Rc7 b5 22. Kc2 ({But not} 22. Rxe7 $6 Bc3+ 23. Kc2 Bxb4 $18) 22... Ra8 $2 (22... Nb2 {was necessary.} 23. Bc1 Nc4 24. Rxe7 Bd4) 23. Rc8+ {[%emt 0:00:30] White is clearly winning.} Rxc8+ 24. Bxc8 {[%emt 0:00:30][%mdl 4096] Endgame KBB-KBN} Bc3 (24... Nc3 $142 25. Bxa6 Be5) 25. Bd2 Be5 26. Bxa6 Bxh2 27. Bxb5 {[%emt 0:00:30] This bishop pair is nice.} Nb6 28. Be3 Na8 29. Bc6 Nc7 30. b5 {[%emt 0:00:30] White took control after the opening.  Weighted Error Value: White=0.01 (flawless) /Black=0.54} 1-0